 Dungeon Crawl Stone Soup version 0.31-a0-1370-gf52a5a9ab3 (webtiles) character file.

Game seed: 7047138548681815988

327 grandjackal the Ducker (level 6, -2/48 HPs)
             Began as a Demonspawn Gladiator on Dec 24, 2023.
             Slain by a gnoll
             ... wielding a +2 spear of venom
              (6 damage)
             ... on level 3 of the Dungeon.
             The game lasted 00:03:02 (2958 turns).

grandjackal the Ducker (Demonspawn Gladiator)       Turns: 2958, Time: 00:03:04

Health: -2/48      AC:  5    Str: 14    XL:     6   Next: 24%
Magic:  6/6        EV: 12    Int:  8    God:
Gold:   172        SH:  0    Dex: 17    Spells: 5/5 levels left

rFire   . . .        a - +0 long sword
rCold   . . .        (no shield)
rNeg    . . .        g - +0 ring mail
rPois   +            (helmet restricted)
rElec   .            (no cloak)
rCorr   .            (no gloves)
SInv    .            (no boots)
Will    .....        (no amulet)
Stlth   +            b - ring of poison resistance
HPRegen 0.28/turn    (no ring)
MPRegen 0.10/turn

%: no passive effects
@: no status effects
A: horns 2
a: no special abilities


You were on level 3 of the Dungeon.
You visited 1 branch of the dungeon, and saw 3 of its levels.

You collected 172 gold pieces.

Inventory:

Hand Weapons
 a - a +0 long sword (weapon)
 l - a +2 dagger of protection
Missiles
 d - a throwing net (quivered)
 e - a javelin
Armour
 g - a +0 ring mail (worn)
Jewellery
 b - a ring of poison resistance (left hand)
 m - a ring of fire
Wands
 p - a wand of quicksilver (3)
Scrolls
 h - a scroll of poison {unknown}
 i - 4 scrolls of teleportation
 j - 2 scrolls of fog {unknown}
 k - a scroll of identify {unknown}
 o - a scroll of brand weapon {unknown}
Potions
 c - 2 potions of resistance {unknown}
 f - 2 potions of might {unknown}
 n - a potion of heal wounds {unknown}
 q - a potion of cancellation {unknown}
 r - a potion of brilliance {unknown}
 s - a potion of enlightenment {unknown}


   Skills:
 + Level 4.1 Fighting
 + Level 4.2 Long Blades
 - Level 2.0 Throwing
 + Level 4.2 Dodging


You had 5 spell levels left.
You didn't know any spells.
Your spell library was empty.

Dungeon Overview and Level Annotations

Branches:
Dungeon (3/15)

Altars:
Kikubaaqudgha

Shops:
D:3 [

Annotations:
D:3 Grinder


Innate Abilities, Weirdness & Mutations

You have a pair of horns on your head.


Message History

The gnoll is heavily wounded.
The gnoll hits you with a +0 whip!
You hit the gnoll. You headbutt the gnoll.
You kill the gnoll!
A gnoll comes into view. It is wielding a +2 spear of venom.
You closely miss the gnoll. The gnoll barely misses you.
You slash the gnoll!
The gnoll is severely wounded.
The gnoll hits you with a +0 flail!
You are too injured to fight recklessly!
You are too injured to fight recklessly!
You are too injured to fight recklessly!
You hit the gnoll but do no damage.
The gnoll is severely wounded.
The gnoll closely misses you.
You barely miss the gnoll.
The gnoll is severely wounded.
The gnoll misses you. The gnoll barely misses you.
You slash the gnoll!
You kill the gnoll!
You hit the gnoll. Your headbutt misses the gnoll.
The gnoll is lightly wounded.
The gnoll hits you with a +0 club.
You hit the gnoll but do no damage. Your headbutt misses the gnoll.
The gnoll is lightly wounded.
The gnoll hits you from afar with a +2 spear of venom.
The gnoll closely misses you.
You barely miss the gnoll. You headbutt the gnoll.
The gnoll is heavily wounded.
The gnoll hits you from afar with a +2 spear of venom.
* * * LOW HITPOINT WARNING * * *
The gnoll completely misses you.
You hit the gnoll. Your headbutt misses the gnoll.
The gnoll is heavily wounded.
The gnoll hits you with a +0 club.
* * * LOW HITPOINT WARNING * * *
The gnoll closely misses you. The gnoll hits you with a +0 club.
* * * LOW HITPOINT WARNING * * *
The gnoll hits you from afar with a +2 spear of venom.
You die...

.....#.##.#### #.#
#.... ...#.#.##.# #.#
#.### ####.#.##.# #.#
#.# .....#.##.# #.#
#.# ######.##.# #.#
#.# .......##.# #.#
#.### ........#.#
#....
#######.#.############
#####
...........#....@gg..#
#######.####.#######.#
#.# #.# ... #######.#
#.####################
....<...#
#.....................
#######.#
######################
###


You could see 2 gnolls.

Vanquished Creatures
  Pargi (D:3)
  Ijyb (D:3)
  Natasha (thrice) (D:2)
  Robin (D:2)
  2 gnolls (D:3)
  3 adders (D:2)
  2 worms (D:2)
  A dart slug (D:3)
  3 orcs (D:3)
  3 ball pythons
  5 endoplasms
  A giant cockroach (D:2)
  11 goblins
  8 hobgoblins
  5 jackals
  2 quokkas (D:1)
  3 bats (D:1)
  2 frilled lizards (D:1)
  4 kobolds
  7 rats
68 creatures vanquished.

Notes
Turn   | Place    | Note
-------+----------+-------------------------------------------
     0 | D:1      | grandjackal the Demonspawn Gladiator began the quest for
                  | the Orb.
     0 | D:1      | Reached XP level 1. HP: 16/16 MP: 1/1
   129 | D:1      | Gained mutation: You have a pair of small horns on your
                  | head. [demonic ancestry]
   129 | D:1      | Reached XP level 2. HP: 22/22 MP: 2/2
   598 | D:1      | Reached XP level 3. HP: 24/28 MP: 3/3
  1143 | D:2      | Noticed Natasha
  1153 | D:2      | Killed Natasha
  1247 | D:2      | Reached XP level 4. HP: 33/35 MP: 4/4
  1255 | D:2      | Noticed Robin
  1286 | D:2      | Killed Robin
  1644 | D:2      | Noticed Natasha
  1657 | D:2      | Killed Natasha
  1658 | D:2      | Reached XP level 5. HP: 15/41 MP: 5/5
  1780 | D:2      | Found a faded altar of an unknown god.
  1883 | D:2      | Noticed Natasha
  1892 | D:2      | Killed Natasha
  2238 | D:3      | Found Hasel's Antique Armour Boutique.
  2283 | D:3      | Noticed Grinder
  2290 | D:3      | Paralysed by Grinder for 3 turns
  2291 | D:3      | Noticed Pargi
  2316 | D:3      | Killed Pargi
  2317 | D:3      | Gained mutation: You have a pair of horns on your head.
                  | [demonic ancestry]
  2317 | D:3      | Reached XP level 6. HP: 6/48 MP: 6/6
  2569 | D:3      | Noticed Ijyb
  2576 | D:3      | Killed Ijyb
  2844 | D:3      | Found an ancient bone altar of Kikubaaqudgha.
  2958 | D:3      | Slain by a gnoll

Illustrated notes

Levels and vault maps discovered:
D:1:      minmay_arrival_hallway, layout_loops_corners
D:2:      layout_loops_ring, ebering_ecumenical_altar_box,
          nicolae_elevator_lobby_asterisk, uniq_natasha, uniq_robin
D:3:      minmay_evil_eye, layout_basic, general_overflow_altar, serial_shops,
          shop, uniq_terence, uniq_grinder, uniq_pargi, uniq_ijyb

Skill      XL: |  1  2  3  4  5 |
---------------+----------------+-----
Throwing       | 2 |  2.0
Long Blades    | 3 4 |  4.2
Dodging        | 3 4 |  4.2
Fighting       | 3 4 |  4.1

Action                     |  1- 3 |  4- 6 || total
---------------------------+-------+-------++-------
  Melee: Long sword        |    83 |   147 ||   230
         Headbutt          |     6 |    28 ||    34
         Punch             |     1 |     1 ||     2
  Throw: Throwing net      |       |     2 ||     2
    Use: Scroll            |       |     1 ||     1
   Stab: Held in net/web   |       |     2 ||     2
 Armour: Ring mail         |    68 |   121 ||   189
         Leather armour    |     1 |       ||     1
  Dodge: Dodged            |    70 |    97 ||   167

Table legend: (Time is in decaauts)
 A = Elapsed time spent in this place.
 B = Non-inter-level travel time spent in this place.
 C = Inter-level travel time spent in this place.
 D = Time resting spent in this place.
 E = Time spent auto-exploring this place.
 F = Levels seen in this place.
 G = Mean time per level.
                   A        B        C        D        E       F      G
               +--------+--------+--------+--------+--------+-----+--------+
         Total |   3017 |   2938 |     79 |    604 |   1803 |   3 | 1005.7 |
       Dungeon |   3017 |   2938 |     79 |    604 |   1803 |   3 | 1005.7 |
               +--------+--------+--------+--------+--------+-----+--------+

Top non-repeatable levels by time:
     D:2: 1312 daAuts
     D:1: 960 daAuts
     D:3: 744 daAuts
